 Dungeon Crawl Stone Soup version 0.23.2-1-ga50397a (webtiles) character file.

Game seed: 10023287225018792517

37755 teukkam the Whirler (level 13, -2/106 HPs)
             Began as a Minotaur Fighter on Apr 15, 2019.
             Was a High Priest of Zin.
             Slain by a spiny frog (19 damage)
             ... on level 3 of the Swamp.
             The game lasted 01:08:27 (14760 turns).

teukkam the Whirler (Minotaur Fighter)             Turns: 14760, Time: 01:08:27

Health: -2/106     AC:  7    Str: 35    XL:     13   Next: 60%
Magic:  18/18      EV:  9    Int: 11    God:    Zin [*****.]
Gold:   828        SH: 17    Dex: 12    Spells: 12/12 levels left

rFire    . . .     SeeInvis .   c - +1 mace of the Equinox {crush, rPois Int+6}
rCold    . . .     Gourm    .   K - +2 shield
rNeg     . . .     Faith    .   w - +2 leather armour of the Republic {rCorr Str+7}
rPois    +         Spirit   .   (helmet restricted)
rElec    .         Reflect  +   U - scarf {cloud immunity}
rCorr    +         Harm     .   q - +0 pair of gloves
MR       .....                  (no boots)
Stlth    +.........             G - +3 amulet of reflection
HPRegen  0.27/turn              W - +4 ring of strength
MPRegen  0.16/turn              p - ring of poison resistance

@: about to teleport
A: retaliatory headbutt, hooves 1, horns 2, wild magic 1
a: Recite, Vitalisation, Imprison, Sanctuary, Donate Gold, Renounce Religion


You were on level 3 of the Swamp.
You worshipped Zin.
Zin was extremely pleased with you.
You were not hungry.

You visited 3 branches of the dungeon, and saw 20 of its levels.

You collected 920 gold pieces.
You donated 92 gold pieces to Zin.

Inventory:

Hand Weapons
 a - the +11 spear "Yseloag" {flame, MR+}
   (You found it on level 4 of the Dungeon)

   It has been specially enchanted to burn those struck by it, causing extra
   injury to most foes and up to half again as much damage against particularly
   susceptible opponents.
   It affects your resistance to hostile enchantments.
 b - a +1 hunting sling
 c - the +1 mace of the Equinox (weapon) {crush, rPois Int+6}
   (You found it on level 5 of the Dungeon)

   It inflicts extra damage upon your enemies.
   It affects your intelligence (+6).
   It protects you from poison.
 n - a +0 scimitar of flaming
 v - a +0 broad axe
 D - a +0 dagger
Missiles
 d - 18 poisoned needles
 e - 3 throwing nets (quivered)
 x - 25 tomahawks
 y - 8 javelins
 C - 128 sling bullets
Armour
 g - a +1 leather armour of fire resistance
 q - a +0 pair of gloves (worn)
 w - the +2 leather armour of the Republic (worn) {rCorr Str+7}
   (You found it on level 5 of the Dungeon)

   It affects your strength (+7).
   It provides partial protection from all sources of acid and corrosion.
 I - a +2 cloak of poison resistance
 K - a +2 shield (worn)
 R - a scarf of repulsion
 U - a scarf of cloud immunity (worn)
Jewellery
 k - an uncursed ring of protection from magic
 p - a ring of poison resistance (right hand)
 F - an uncursed ring of protection from fire
 G - a +3 amulet of reflection (around neck)
 T - an uncursed ring of protection from cold
 V - a +3 ring of evasion
 W - a +4 ring of strength (left hand)
 X - an uncursed amulet of regeneration
Wands
 A - a wand of disintegration (29)
 B - a wand of paralysis (9)
 E - a wand of iceblast (20)
 L - a wand of enslavement (19)
 Y - a wand of acid (15)
Scrolls
 h - a scroll of teleportation
 i - 10 scrolls of identify
 j - 3 scrolls of immolation
 l - 3 scrolls of magic mapping
 u - a scroll of holy word
 J - 2 scrolls of fog
 M - a scroll of fear
 P - a scroll of enchant armour
 S - 4 scrolls of remove curse
Potions
 m - a potion of haste
 o - 3 potions of mutation
 r - a potion of cancellation
 t - 2 potions of ambrosia
 z - 5 potions of curing
 H - a potion of might
 O - 3 potions of flight {unknown}
 Q - 2 potions of agility {unknown}
 Z - 3 potions of resistance
Comestibles
 f - 26 rations
 N - 6 chunks of flesh


   Skills:
 - Level 7.6 Fighting
 - Level 5.0(9.1) Axes
 - Level 11.6(12.0) Polearms
 - Level 16.3 Slings
 - Level 7.5 Armour
 - Level 7.6 Shields
 + Level 8.7 Invocations


You had 12 spell levels left.
You didn't know any spells.
Your spell library contained the following spells:

 Spells                   Type           Power        Failure   Level  Hunger
 Animate Skeleton         Necr           N/A          77%         1    ##.....
 Apportation              Tloc           #.....       77%         1    ##.....
 Confusing Touch          Hex            #.....       77%         1    ##.....
 Corona                   Hex            #......      77%         1    ##.....
 Sting                    Conj/Pois      #...         77%         1    ##.....
 Summon Small Mammal      Summ           #...         77%         1    ##.....
 Ensorcelled Hibernation  Hex/Ice        #.....       88%         2    ###....
 Poisonous Vapours        Pois/Air       #.....       88%         2    ###....
 Confuse                  Hex            #.......     98%         3    ####...
 Dazzling Spray           Conj/Hex       #.....       98%         3    ####...
 Mephitic Cloud           Conj/Pois/Air  #.......     98%         3    ####...
 Tukima's Dance           Hex            #.......     98%         3    ####...
 Olgreb's Toxic Radiance  Pois           #.......     100%        4    #####..
 Venom Bolt               Conj/Pois      #.........   100%        5    ######.


Dungeon Overview and Level Annotations

Branches:
Dungeon (11/15)            Temple (0/1) D:7            Lair (6/6) D:8
  Swamp (3/4) Lair:2       Spider (0/4) Lair:3        Slime (0/5) Lair:5
    Orc (0/2) D:11

Altars:
Ashenzari
Cheibriados
Hepliaklqana
Kikubaaqudgha
Ru
Sif Muna
Trog
Uskayaw
Xom
Yredelemnul
Zin
The Shining One
Jiyva

Shops:
D:7 :

Annotations:
Lair:2 exclusion: 2 oklob plants


Innate Abilities, Weirdness & Mutations

You reflexively headbutt those who attack you in melee.
You have a pair of horns on your head.
You have large cloven feet.
Your spells are a little harder to cast, but a little more powerful.


Message History

The blink frog blinks! x2; The blink frog hits you.
* * * LOW HITPOINT WARNING * * *
The blink frog blinks!
You block the spiny frog's attack.
The blink frog blinks!
The spiny frog completely misses you. The blink frog barely misses you.
The blink frog blinks!
You block the spiny frog's attack.
There is a stone staircase leading down here.
You block the spiny frog's attack.
You climb downwards.
An alligator and a swamp dragon come into view.
The swamp dragon roars deafeningly!
You hear a roar!
Found 34 gold pieces and a scroll of identify.
Found a stone staircase leading down.
There is a stone staircase leading up here.
As you read the scroll of teleportation, it crumbles to dust.
You feel strangely unstable. You block the blink frog's attack.
The spiny frog stings you!
* * * LOW HITPOINT WARNING * * *
The spiny frog stings you!!
You die...

. .≈♣ ...≈♣♣
.≈....♣ ♣♣
♣♣♣♣.>F♣♣..♣♣
♣...≈≈.@D≈≈≈♣
♣≈≈≈≈≈.FF♣♣♣♣
♣≈≈≈≈≈..♣♣
..?♣≈t≈$≈ ..
♣♣≈≈≈. ♣
♣.≈..≈ ♣...≈≈
♣♣.≈≈≈≈


You could see an alligator, a swamp dragon, 2 spiny frogs and a blink frog.

Vanquished Creatures
  3 hydras (Lair:5)
  Harold (D:7)
  Erica (D:8)
  A two-headed ogre (D:9)
  2 alligators
  A swamp dragon (Lair:5)
  A lindwurm (Lair:5)
  A torpor snail (Lair:4)
  2 black mambas
  Maurice (D:8)
  Joseph (D:7)
  A komodo dragon (Lair:4)
  A spiny frog (Lair:5)
  5 rime drakes
  A polar bear (Lair:3)
  A troll (D:10)
  A hornet (D:10)
  2 tyrant leeches (Swamp:1)
  3 bog bodies (Swamp:1)
  2 slime creatures (Lair:5)
  2 hippogriffs
  12 blink frogs
  A dream sheep (Lair:4)
  Sigmund (D:5)
  A spriggan (Lair:4)
  13 yaks (Lair:2)
  Eustachio (D:5)
  4 basilisks
  A hungry ghost (D:8)
  4 swamp worms
  7 water moccasins
  6 porcupines
  4 swamp drakes
  2 orc warriors
  2 ice beasts
  A phantom (D:4)
  A black bear (D:8)
  5 sky beasts
  2 necrophages
  2 ogres
  7 wolves
  The ghost of Frank the Skirmisher, an amateur OpFi (D:3)
  4 centaurs
  13 crocodiles
  10 bullfrogs
  A water moccasin zombie (D:10)
  3 scorpions
  2 water moccasin skeletons
  Dowan (D:7)
  4 killer bees (D:7)
  7 howler monkeys
  3 jellies
  4 crimson imps
  4 bullfrog zombies
  A quasit (D:5)
  Crazy Yiuf (D:5)
  A bullfrog skeleton (D:4)
  5 hounds
  11 orc priests
  A centaur skeleton (D:5)
  Ijyb (D:5)
  9 orc wizards
  2 iguanas
  7 worker ants
  2 killer bee zombies
  4 hound skeletons
  A worker ant zombie (D:10)
  4 gnolls (D:6)
  10 adders
  2 shadow imps (D:10)
  A white imp (D:5)
  An ooze (D:1)
  4 worms
  3 dart slugs
  5 leopard geckos
  26 orcs
  9 bats
  12 giant cockroaches
  5 goblins
  9 hobgoblins
  9 kobolds
  5 quokkas
  A ball python (D:5)
  A ball python skeleton (D:4)
  8 frilled lizards
  A jackal zombie (D:6)
  A leopard gecko zombie (D:5)
  2 rats
333 creatures vanquished.

Vanquished Creatures (collateral kills)
  A scorpion (Lair:3)
  A killer bee (D:7)
  An ooze (D:7)
3 creatures vanquished.

Vanquished Creatures (others)
  A hornet (Lair:3)
  2 yaks (Lair:2)
  Duvessa (D:7)
  A killer bee (D:7)
  An orc (D:5)
  5 fungi
  9 plants (Lair:2)
20 creatures vanquished.

Grand Total: 356 creatures vanquished

Notes
Turn   | Place    | Note
-------+----------+-------------------------------------------
     0 | D:1      | teukkam the Minotaur Fighter began the quest for the Orb.
     0 | D:1      | Reached XP level 1. HP: 19/19 MP: 0/0
    40 | D:1      | Reached XP level 2. HP: 21/27 MP: 1/1
   325 | D:3      | Reached XP level 3. HP: 6/33 MP: 2/2
   629 | D:4      | Reached XP level 4. HP: 36/41 MP: 3/3
   822 | D:4      | Reached XP level 5. HP: 47/47 MP: 4/4
   832 | D:4      | Found a hide-covered altar of Uskayaw.
   850 | D:4      | Reached skill level 5 in Fighting
   850 | D:4      | Reached skill level 5 in Armour
   856 | D:4      | Reached skill level 5 in Shields
  1120 | D:4      | Noticed a phantom
  1121 | D:4      | Noticed a sky beast
  1137 | D:4      | Killed a sky beast
  1137 | D:4      | Reached XP level 6. HP: 17/56 MP: 5/5
  1426 | D:4      | Found a hazy altar of Hepliaklqana.
  1690 | D:3      | Found a snail-covered altar of Cheibriados.
  1703 | D:3      | Found a large runed translucent door.
  1705 | D:3      | Found a large runed translucent door.
  1707 | D:3      | Noticed Frank's ghost (amateur OpFi)
  2132 | D:4      | Reached XP level 7. HP: 51/62 MP: 6/6
  2133 | D:4      | Reached skill level 5 in Axes
  2233 | D:4      | Got an ancient spear
  2236 | D:4      | Identified the +11 spear "Yseloag" {flame, MR+} (You found
                  | it on level 4 of the Dungeon)
  2328 | D:4      | Reached skill level 1 in Slings
  2688 | D:4      | Found a glowing silver altar of Zin.
  2692 | D:4      | Became a worshipper of Zin the Law-Giver
  2692 | D:4      | Reached * piety under Zin
  4141 | D:3      | Found an ancient bone altar of Kikubaaqudgha.
  4144 | D:3      | Found a deep blue altar of Sif Muna.
  4144 | D:3      | Found a shimmering altar of Xom.
  4226 | D:3      | Killed Frank's ghost
  4226 | D:3      | Reached skill level 1 in Polearms
  4321 | D:5      | Entered Level 5 of the Dungeon
  4334 | D:5      | Got an amber-encrusted leather armour
  4354 | D:5      | Identified the +2 leather armour of the Republic {rCorr
                  | Str+7} (You found it on level 5 of the Dungeon)
  4370 | D:5      | Reached skill level 2 in Slings
  4388 | D:5      | Found a runed translucent door.
  4389 | D:5      | Noticed Crazy Yiuf
  4398 | D:5      | Killed Crazy Yiuf
  4403 | D:5      | Got a translucent mace
  4405 | D:5      | Got a polished mace
  4408 | D:5      | Identified the cursed +3 mace of True Grit {pain, rPois MR+
                  | Int-4} (You found it on level 5 of the Dungeon)
  4410 | D:5      | Identified the cursed +1 mace of the Equinox {crush, rPois
                  | Int+6} (You found it on level 5 of the Dungeon)
  4447 | D:5      | Noticed Eustachio
  4457 | D:5      | Killed Eustachio
  4465 | D:5      | Reached XP level 8. HP: 38/71 MP: 7/7
  4636 | D:5      | Noticed Ijyb
  4644 | D:5      | Killed Ijyb
  4698 | D:5      | Found a glowing golden altar of the Shining One.
  4698 | D:5      | Found a faded altar of an unknown god.
  4705 | D:5      | Found a faded altar of an unknown god.
  4707 | D:5      | Found a sacrificial altar of Ru.
  4709 | D:5      | Found a basalt altar of Yredelemnul.
  4745 | D:5      | Reached ** piety under Zin
  4795 | D:5      | Reached skill level 3 in Slings
  5077 | D:5      | Noticed Sigmund
  5087 | D:5      | Killed Sigmund
  5087 | D:5      | Reached skill level 4 in Slings
  5296 | D:6      | Reached *** piety under Zin
  5523 | D:6      | Reached XP level 9. HP: 78/78 MP: 8/8
  5986 | D:6      | Reached skill level 5 in Polearms
  6168 | D:7      | Noticed Harold
  6176 | D:7      | Killed Harold
  6176 | D:7      | Reached skill level 6 in Slings
  6250 | D:7      | Noticed Dowan
  6251 | D:7      | Noticed Duvessa
  6263 | D:7      | Found Mykues's Book Shop.
  6282 | D:7      | Killed Dowan
  6294 | D:7      | Found a shattered altar of Ashenzari.
  6302 | D:7      | Your ally died
  6306 | D:7      | Reached skill level 7 in Slings
  6790 | D:7      | Noticed Joseph
  6791 | D:7      | Found a staircase to the Ecumenical Temple.
  6799 | D:7      | Killed Joseph
  6799 | D:7      | Reached XP level 10. HP: 54/85 MP: 9/9
  6966 | D:7      | Found a bloodstained altar of Trog.
  7088 | D:7      | Reached skill level 8 in Slings
  7560 | D:8      | Noticed Erica
  7576 | D:8      | Killed Erica
  7576 | D:8      | Reached skill level 9 in Slings
  7614 | D:8      | Found a staircase to the Lair.
  7634 | D:8      | Reached skill level 10 in Polearms
  7781 | D:8      | Reached **** piety under Zin
  7812 | D:8      | Noticed Maurice
  7814 | D:8      | Gained mutation: You have large cloven feet. [potion of
                  | mutation]
  7814 | D:8      | Gained mutation: Your spells are a little harder to cast,
                  | but a little more powerful. [potion of mutation]
  7820 | D:8      | Killed Maurice
  8085 | D:9      | Noticed a two-headed ogre
  8090 | D:9      | Killed a two-headed ogre
  8090 | D:9      | Reached skill level 10 in Slings
  8604 | D:10     | Entered Level 10 of the Dungeon
  8618 | D:10     | Reached XP level 11. HP: 86/90 MP: 10/10
  8926 | D:10     | Identified a scroll of acquirement
  9078 | D:10     | Found a shimmering altar of Xom.
  9206 | D:11     | Found a staircase to the Orcish Mines.
  9286 | Lair:1   | Entered Level 1 of the Lair of Beasts
  9435 | Lair:1   | Reached ***** piety under Zin
  9571 | Lair:1   | Reached skill level 11 in Slings
  9942 | Lair:2   | Found a staircase to the Swamp.
  9951 | Lair:2   | Reached skill level 12 in Slings
 10195 | Lair:2   | Reached skill level 13 in Slings
 10448 | Lair:2   | Noticed an oklob plant
 11300 | Lair:3   | Found a hole to the Spider Nest.
 11319 | Lair:3   | Reached skill level 14 in Slings
 11655 | Lair:4   | Reached XP level 12. HP: 98/98 MP: 11/11
 11819 | Lair:4   | Reached skill level 16 in Slings
 11819 | Lair:4   | Reached XP level 13. HP: 104/104 MP: 12/12
 11917 | Lair:4   | Reached skill level 1 in Invocations
 12567 | Lair:5   | Reached skill level 5 in Invocations
 13012 | Lair:5   | Found a viscous altar of Jiyva.
 13013 | Lair:5   | Found a staircase to the Slime Pits.
 13164 | Lair:6   | Entered Level 6 of the Lair of Beasts
 13402 | Lair:5   | HP: 5/106 [six-headed hydra (15)]
 13984 | Swamp:1  | Entered Level 1 of the Swamp
 14104 | Swamp:2  | Noticed a thorn hunter
 14760 | Swamp:3  | Slain by a spiny frog

Skill      XL: |  1  2  3  4  5  6  7  8  9 10 11 12 13 |
---------------+----------------------------------------+-----
Armour         | 4 5 6 7 |  7.5
Shields        | 4 5 6 7 |  7.6
Fighting       | 4 5 6 7 |  7.6
Axes           | 3 4 5 |  5.0
Slings         | 2 4 7 10 14 16 | 16.3
Polearms       | 2 4 8 11 | 11.6
Invocations    | 8 |  8.7

Action                   |  1- 3 |  4- 6 |  7- 9 | 10-12 | 13-15 || total
-------------------------+-------+-------+-------+-------+-------++-------
Melee: War axe           |    58 |    69 |       |       |       ||   127
       Headbutt          |     4 |    21 |    33 |    65 |    45 ||   168
       Broad axe         |       |    21 |     7 |       |       ||    28
       Spear             |       |       |   240 |   329 |   174 ||   743
       Mace              |       |       |     2 |       |    13 ||    15
       Kick              |       |       |       |    75 |    80 ||   155
 Fire: Hunting sling     |       |     4 |    12 |    33 |    28 ||    77
Throw: Stone             |       |       |       |     2 |       ||     2
Invok: Recite            |       |       |     2 |       |     5 ||     7
Evoke: Wand              |       |       |     6 |     8 |     5 ||    19
  Use: Potion            |     1 |     2 |     4 |     8 |     5 ||    20
       Scroll            |     4 |       |     6 |    13 |     5 ||    28
 Stab: Sleeping          |       |       |     1 |       |       ||     1
       Paralysed         |       |       |       |     2 |       ||     2
       Confused          |       |       |       |       |     1 ||     1
  Eat: Ration            |       |     1 |     3 |     2 |     2 ||     8
       Chunk             |       |     1 |     6 |     7 |     2 ||    16
Armor: Scale mail        |    27 |       |       |       |       ||    27
       Chain mail        |     1 |    52 |     5 |       |       ||    58
       Leather armour    |       |       |    29 |    19 |    19 ||    67
Dodge: Dodged            |    32 |    20 |    38 |    24 |    37 ||   151
       Deflected         |       |       |       |     1 |       ||     1
Block: Shield            |    38 |    64 |    76 |    95 |    98 ||   371
